 Dungeon Crawl Stone Soup version 0.17.1-2-g5865329 (webtiles) character file.

219 pipel the Covert (level 6, -5/46 HPs)
             Began as a Formicid Assassin on Jan 30, 2016.
             Slain by a wyvern (9 damage)
             ... on level 15 of the Dungeon.
             The game lasted 00:03:51 (310 turns).

pipel the Covert (Formicid Assassin)                 Turns: 310, Time: 00:03:52

Health: -5/46      AC:  3    Str: 15    XL:     6   Next: 18%
Magic:  6/6        EV: 12    Int: 11    God:
Gold:   22         SH:  0    Dex: 14    Spells: 0 memorised, 5 levels left

rFire  . . .     SeeInvis +     i - +0 quarterstaff
rCold  . . .     Clarity  .     c - +0 robe
rNeg   . . .     SustAt   .     (no shield)
rPois  .         Gourm    .     (helmet unavailable)
rElec  .         Spirit   .     d - +0 cloak
rCorr  .         Warding  .     (no gloves)
rMut   .         Stasis   +     (no boots)
MR     .....                    (no amulet)
Stlth  ++++......               (no ring)
                                (no ring)

@: not resistant to hostile enchantments, stealthy
A: permanent stasis, dig shafts and tunnels, four strong arms, antennae 3
a: Dig, Shaft Self


You were on level 15 of the Dungeon.
You were not hungry.

You visited 1 branch of the dungeon, and saw 9 of its levels.

You collected 22 gold pieces.

Inventory:

Hand Weapons
 a - a +2 dagger
 b - a +0 blowgun
 i - a +0 quarterstaff (weapon)
Missiles
 e - 6 poisoned needles
Armour
 c - a +0 robe (worn)
 d - a +0 cloak (worn)
Potions
 h - a potion of agility


   Skills:
 - Level 2.6 Fighting
 - Level 2.2 Short Blades
 - Level 1.9 Throwing
 - Level 1.0 Dodging
 + Level 8.3 Stealth


You had 5 spell levels left.
You didn't know any spells.

Dungeon Overview and Level Annotations

Branches:
Dungeon (15/15)
 Temple: D:4-7         Lair: D:8-11         Orc: D:9-12      Vaults: D:13-14
 Depths: D:15

Altars:

Annotations:
D:3 Grinder


Innate Abilities, Weirdness & Mutations

You are under a permanent stasis effect.
You can dig through walls and to a lower floor.
Your four strong arms can wield two-handed weapons with a shield.
You have a pair of large antennae on your head (SInv).


Message History

Aim: a wyvern You shoot a poisoned needle.
The poisoned needle barely misses the wyvern.
Wield which item (- for none, * to show all)? (? for menu, Esc to quit)
i - a +0 quarterstaff (weapon)
The wyvern bites you.
You retract your mandibles.
You barely miss the wyvern. The wyvern barely misses you. The wyvern bites you!
You hit the wyvern but do no damage. The wyvern barely misses you.
The wyvern bites you!
You hit the wyvern.
The wyvern is lightly wounded.
The wyvern closely misses you. The wyvern bites you!
* * * LOW HITPOINT WARNING * * *
You hit the wyvern but do no damage.
The wyvern is lightly wounded.
The wyvern bites you.
* * * LOW HITPOINT WARNING * * *
The wyvern bites you!
You die...

##...#....##.####
##..............#
#.#.##......##.###
#.#.##.#.##......#
##.#......##.##.#.#
...#......##.##.#.#
#####.....##.##.#.###
#.....##........#
#.....##....@.#.#
#.....##....l.#
......###.....#
#.###.......##.# #.#
..###... ... .#
.(....### .# #
####.#### .#.#..# #.#
####....... ..


You could see a wyvern.

Vanquished Creatures
  A wyvern (D:15)
  A giant frog (D:15)
2 creatures vanquished.

Notes
Turn   | Place    | Note
--------------------------------------------------------------
     0 | D:1      | pipel the Formicid Assassin began the quest for the Orb.
     0 | D:1      | Reached XP level 1. HP: 16/16 MP: 1/1
     9 | D:1      | You fall through a shaft!
    12 | D:2      | You fall through a shaft for 2 floors!
    12 | D:4      | Noticed an orc wizard
    42 | D:3      | Noticed Grinder
    44 | D:4      | Noticed a centaur skeleton
    48 | D:4      | You fall through a shaft for 2 floors!
   184 | D:6      | You fall through a shaft for 2 floors!
   197 | D:8      | You fall through a shaft for 3 floors!
   200 | D:11     | You fall through a shaft!
   203 | D:12     | You fall through a shaft for 3 floors!
   203 | D:15     | Entered Level 15 of the Dungeon
   203 | D:15     | Noticed a giant frog
   209 | D:15     | Killed a giant frog
   209 | D:15     | Reached skill level 1 in Dodging
   209 | D:15     | Reached skill level 6 in Stealth
   209 | D:15     | Reached XP level 2. HP: 20/23 MP: 2/2
   209 | D:15     | Reached XP level 3. HP: 24/28 MP: 3/3
   209 | D:15     | Reached XP level 4. HP: 29/34 MP: 4/4
   245 | D:15     | Noticed a purple ugly thing
   245 | D:15     | Noticed a purple ugly thing
   257 | D:15     | Noticed a wyvern
   266 | D:15     | Killed a wyvern
   266 | D:15     | Reached skill level 8 in Stealth
   266 | D:15     | Reached XP level 5. HP: 39/39 MP: 5/5
   266 | D:15     | Reached XP level 6. HP: 46/46 MP: 6/6
   301 | D:15     | Noticed a wyvern
   310 | D:15     | Slain by a wyvern

Action                   |  1- 3 |  4- 6 || total
-------------------------+-------+-------++-------
Melee: Quarterstaff      |       |     4 ||     4
 Fire: Blowgun           |     3 |     7 ||    10
 Abil: Shaft Self        |     7 |       ||     7
       Dig               |       |     4 ||     4
  Use: Scroll            |       |     1 ||     1
 Stab: Sleeping          |       |     1 ||     1
  Eat: Bread ration      |       |     1 ||     1
